 Dungeon Crawl Stone Soup version 0.21-a0-552-g593960d (webtiles) character file.

49 polly the Skirmisher (level 3, 0/29 HPs)
             Began as a Demonspawn Berserker on Dec 18, 2017.
             Was a Believer of Trog.
             Slain by a goblin
             ... wielding a +0 club
              (3 damage)
             ... on level 2 of the Dungeon.
             The game lasted 00:01:23 (1444 turns).

polly the Skirmisher (Demonspawn Berserker)         Turns: 1444, Time: 00:01:24

Health: 0/29       AC:  2    Str: 17    XL:     3   Next: 51%
Magic:  3/3        EV: 12    Int:  8    God:    Trog [**....]
Gold:   71         SH:  0    Dex: 13    Spells: 2/2 levels left

rFire    . . .     SeeInvis .   a - +0 mace
rCold    . . .     Gourm    .   (no shield)
rNeg     . . .     Faith    .   b - +0 animal skin
rPois    .         Spirit   .   (no helmet)
rElec    .         Reflect  .   (no cloak)
rCorr    .         Harm     .   (no gloves)
MR       .....                  (no boots)
Stlth    +.........             (no amulet)
HPRegen  0.09/turn              (no ring)
MPRegen  0.08/turn              (no ring)

@: berserk cooldown, slowed, very slow
A: sturdy frame 1
a: Berserk, Trog's Hand, Burn Spellbooks, Renounce Religion


You were on level 2 of the Dungeon.
You worshipped Trog.
Trog was pleased with you.
You were near starving.

You visited 1 branch of the dungeon, and saw 2 of its levels.

You collected 71 gold pieces.

Inventory:

Hand Weapons
 a - a +0 mace (weapon)
Armour
 b - a +0 animal skin (worn)
Scrolls
 d - 4 scrolls of identify {unknown}
 i - a scroll of enchant armour {unknown}
 j - a scroll of random uselessness {unknown}
 k - a scroll of magic mapping {unknown}
Potions
 e - 3 potions of degeneration {unknown}
 g - a potion of flight {unknown}
 h - a potion of mutation {unknown}
Comestibles
 c - 5 bread rations
 f - 3 meat rations


   Skills:
 + Level 3.6 Fighting
 + Level 3.3 Maces & Flails
 + Level 2.0 Armour
 + Level 2.1 Dodging


You had 2 spell levels left.
You didn't know any spells.

Dungeon Overview and Level Annotations

Branches:
Dungeon (2/15)

Altars:


Innate Abilities, Weirdness & Mutations

Your movements are slightly less encumbered by armour. (ER -2)


Message History

Trog accepts your kill. The goblin misses you. The goblin hits you with a club.
You barely miss the hobgoblin. The hobgoblin barely misses you.
The goblin barely misses you.
You sock the hobgoblin!
You kill the hobgoblin!
Trog accepts your kill. The goblin hits you with a club.
* * * LOW HITPOINT WARNING * * *
The goblin closely misses you.
You barely miss the goblin. The goblin hits you with a club.
* * * LOW HITPOINT WARNING * * *
You closely miss the goblin.
You are no longer berserk.
You are exhausted.
You feel yourself slow down. The goblin closely misses you.
The goblin hits you.
* * * LOW HITPOINT WARNING * * *
The goblin hits you with a club.
You die...

..###.## ### ..##.#.## #..
....###.## # #.#
.#..####.####.#### #.#
....#...........(# #.#
.#..#.##.####.##.###.#
.##.#.#.#####....(.#.#######
.##............#'#..........
####..........##@##..#######
......#####...#ggg#...##
#####.# #..####g####..# #.#
#.##


ggg ##.# #.# #.# ... #.# #.# #.## #...# ##.# #.# #..####'####..# #.#
##...#...#...#### #.# ###.#.## ##......# You could see 3 hobgoblins and 4
goblins.

Vanquished Creatures
  2 worms (D:2)
  A dart slug (D:1)
  2 leopard geckos (D:2)
  3 bats
  2 giant cockroaches
  4 hobgoblins
  3 jackals (D:1)
  5 kobolds
  4 frilled lizards
  7 goblins
  5 rats
38 creatures vanquished.

Notes
Turn   | Place    | Note
-------+----------+-------------------------------------------
     0 | D:1      | polly the Demonspawn Berserker began the quest for the Orb.
     0 | D:1      | Reached XP level 1. HP: 18/18 MP: 1/1
   301 | D:1      | Gained mutation: Your movements are slightly less encumbered by armour. (ER -2) [demonic ancestry]
   301 | D:1      | Reached XP level 2. HP: 20/24 MP: 2/2
   874 | D:2      | Reached XP level 3. HP: 22/29 MP: 3/3
   965 | D:2      | Reached ** piety under Trog
  1444 | D:2      | Slain by a goblin

Vault maps used:
D:1:      dpeg_arrival_line_fractal, minmay_misc_feat_tiny
D:2:      cheibrodos_greedy_goblins, serial_bayou_lake_a

Skill      XL: |  1  2 |
---------------+-------+-----
Maces & Flails | 3 |  3.3
Dodging        | 2 |  2.1
Armour         | 2 |  2.0
Fighting       | |  3.6

Action                   || total
-------------------------++-------
Melee: Mace              ||   130
Invok: Berserk           ||     2
  Eat: Chunk             ||     2
Armor: Animal skin       ||    32
Dodge: Dodged            ||   102

Table legend:
 A = Spawn XP
 B = Non-spawn XP
 C = Spawn XP percentage of total XP
 D = Spawn monster count
 E = Non-spawn monster count
 F = Spawn count percentage of total count
 G = Total turns spent on level
                    A         B        C        D         E        F      G
               +---------+---------+-------+---------+---------+-------+---------
         Total |       0 |      70 |   0.0 |       0 |      38 |   0.0 |  1444
               +---------+---------+-------+---------+---------+-------+---------
           D:1 |       0 |      27 |   0.0 |       0 |      15 |   0.0 |   545
           D:2 |       0 |      43 |   0.0 |       0 |      23 |   0.0 |   899
               +---------+---------+-------+---------+---------+-------+---------
